 Dungeon Crawl Stone Soup version 0.23.2-1-ga50397a (webtiles) character file.

Game seed: 5081127017883717238

680 MalarOregon the Ruffian (level 7, -2/60 (61) HPs)
             Began as a Ghoul Gladiator on May 30, 2019.
             Killed by divine providence
             ... invoked by an orc priest
              (16 damage)
             ... on level 5 of the Dungeon.
             The game lasted 00:08:44 (4338 turns).

MalarOregon the Ruffian (Ghoul Gladiator)           Turns: 4338, Time: 00:08:45

HP:   -2/60 (61)    AC:  5    Str: 20    XL:     7   Next: 60%
MP:   6/6           EV: 12    Int:  3    God:
Gold: 142           SH:  0    Dex: 12    Spells: 6/6 levels left

rFire    . . .     SeeInvis .     - Unarmed
rCold    + + .     Gourm    .   (no shield)
rNeg     + + +     Faith    .   a - +0 leather armour
rPois    ∞         Spirit   .   b - +1 helmet
rElec    .         Reflect  .   (no cloak)
rCorr    .         Harm     .   (no gloves)
MR       .....                  (no boots)
Stlth    +++.......             (no amulet)
HPRegen  0.00/turn              o - ring of protection from cold
MPRegen  0.10/turn              l - +2 ring of dexterity

@: rotting
A: rotting body, claws 1, carnivore, cold resistance 1, negative energy
resistance 3, inhibited regeneration, torment resistance, unbreathing
a: no special abilities


You were on level 5 of the Dungeon.
You were not hungry.

You visited 2 branches of the dungeon, and saw 6 of its levels.

You collected 142 gold pieces.

Inventory:

Missiles
 u - 5 throwing nets (quivered) {!f}
Armour
 a - a +0 leather armour (worn)
 b - a +1 helmet (worn)
Jewellery
 l - a +2 ring of dexterity (right claw)
   (You found it on level 1 of the Dungeon)
 o - a ring of protection from cold (left claw)
   (You found it on level 1 of the Dungeon)
Wands
 c - a wand of disintegration (31)
   (You found it on level 3 of the Dungeon)
Scrolls
 d - a scroll of immolation {!r}
 h - a scroll of teleportation {@r4}
 i - 3 scrolls of remove curse {@r2}
 n - a scroll of fog
Potions
 g - a potion of berserk rage {unknown}
 j - 2 potions of curing {@q1}
 m - 2 potions of flight
 v - a potion of degeneration {unknown}
Comestibles
 e - 8 rations {!d}


   Skills:
 + Level 5.4 Fighting
 - Level 1.7 Throwing
 - Level 2.6 Dodging
 + Level 5.4 Stealth
 + Level 6.0 Unarmed Combat


You had 6 spell levels left.
You didn't know any spells.
Your spell library was empty.

Dungeon Overview and Level Annotations

Branches:
Dungeon (5/15)             Temple (1/1) D:4

Altars:
Ashenzari
Cheibriados
Dithmenos
Elyvilon
Fedhas
Hepliaklqana
Trog
Uskayaw
Vehumet
Xom
Yredelemnul
Zin

Annotations:
D:3 1 runed translucent door, Magicfruit's ghost, amateur HuFi
D:5 1 runed translucent door


Innate Abilities, Weirdness & Mutations

Your body is rotting away.
You thrive on raw meat.
You are immune to poison.
You have sharp fingernails.
You are carnivorous and can eat meat at any time.
Your flesh is cold resistant. (rC+)
You are immune to negative energy. (rN+++)
You do not regenerate when monsters are visible.
You are immune to unholy pain and torment.
You can survive without breathing.


Message History

You barely miss the worker ant. The worker ant bites you.
You completely miss the worker ant. The worker ant closely misses you.
You scratch the worker ant. The worker ant barely misses you.
You scratch the worker ant but do no damage.
The worker ant barely misses you.
You claw the worker ant!
You kill the worker ant!
No target in view!
No target in view!
An orc comes into view. It is wielding a +0 flail.
You see here a worker ant corpse.
An orc is nearby!
An orc is nearby!
An orc priest comes into view. It is wielding a -2 club.
Found a stone staircase leading up.
An orc comes into view. It is wielding a +0 hand axe.
The orc shouts!
Found a robe.
Unknown command.
You barely miss the orc.
The orc priest shouts!
The orc shouts!
The orc hits you with a +0 flail.
The orc priest miscasts a cantrip.
You claw the orc!
You kill the orc!
You scratch the orc. The orc hits you but does no damage.
You scratch the orc. The orc hits you but does no damage.
The orc priest casts a cantrip, but nothing happens.
You scratch the orc but do no damage.
An orc comes into view. It is wielding a +0 hand axe.
The orc priest closely misses you. The orc completely misses you.
You closely miss the orc. The orc priest misses you. The orc misses you.
You closely miss the orc. You barely miss the orc.
The orc priest calls down the wrath of Beogh upon you.
Beogh smites you! The orc hits you with a +0 hand axe.
You claw the orc!
You kill the orc!
The orc priest closely misses you.
You scratch the orc priest.
The orc priest invokes the aid of Beogh against you.
Beogh smites you!
* * * LOW HITPOINT WARNING * * *
The orc hits you with a +0 hand axe.
* * * LOW HITPOINT WARNING * * *
Okay, then.
You closely miss the orc priest.
The orc priest mumbles some strange prayers to Beogh against you.
Beogh smites you!
You die...

##.# [..
#..## #...#
....
#.####..#
#.....oo#
#@#
..#####.#
..<.....#
######..#
#†.# #..#
#..#
#########.>#
...........#


You could see an orc priest and an orc.

Vanquished Creatures
  Eustachio (D:4)
  Edmund (D:4)
  A scorpion (D:3)
  A howler monkey (D:4)
  An orc wizard (D:4)
  Natasha (thrice) (D:4)
  3 worker ants
  4 adders (D:2)
  An ooze (D:4)
  5 worms
  A dart slug (D:3)
  5 leopard geckos
  13 orcs
  A ball python (D:4)
  6 giant cockroaches
  12 goblins
  12 hobgoblins
  5 jackals
  7 kobolds
  A quokka (D:2)
  5 bats
  11 frilled lizards
  12 rats
112 creatures vanquished.

Notes
Turn   | Place    | Note
-------+----------+-------------------------------------------
     0 | D:1      | MalarOregon the Ghoul Gladiator began the quest for the
                  | Orb.
     0 | D:1      | Reached XP level 1. HP: 17/17 MP: 0/0
   119 | D:1      | Reached XP level 2. HP: 18/25 MP: 1/1
   122 | D:1      | Reached skill level 1 in Stealth
   382 | D:1      | Reached XP level 3. HP: 24/30 MP: 2/2
   694 | D:2      | Reached skill level 4 in Unarmed Combat
   767 | D:2      | Reached XP level 4. HP: 33/38 MP: 3/3
  1795 | D:3      | Reached XP level 5. HP: 36/46 MP: 4/4
  1814 | D:3      | Found a radiant altar of Vehumet.
  1855 | D:3      | Found a shadowy altar of Dithmenos.
  2681 | D:3      | Found a runed translucent door.
  2684 | D:3      | Noticed Magicfruit's ghost (amateur HuFi)
  2881 | D:4      | Noticed Edmund
  3013 | D:4      | Noticed Eustachio
  3027 | D:4      | Reached XP level 6. HP: 39/52 MP: 5/5
  3087 | D:4      | Reached skill level 5 in Unarmed Combat
  3540 | D:4      | Noticed Natasha
  3543 | D:4      | Killed Natasha
  3617 | D:4      | Noticed Natasha
  3622 | D:4      | Killed Natasha
  3754 | D:4      | Noticed Natasha
  3756 | D:4      | Killed Natasha
  3788 | D:4      | Found a staircase to the Ecumenical Temple.
  3800 | D:4      | Killed Edmund
  3800 | D:4      | Reached skill level 5 in Fighting
  3800 | D:4      | Reached XP level 7. HP: 38/61 MP: 6/6
  3878 | Temple   | Entered the Ecumenical Temple
  4088 | D:4      | Killed Eustachio
  4088 | D:4      | Reached skill level 5 in Stealth
  4088 | D:4      | Reached skill level 6 in Unarmed Combat
  4208 | D:5      | Entered Level 5 of the Dungeon
  4231 | D:5      | Found a runed translucent door.
  4338 | D:5      | Killed from afar by an orc priest

Skill      XL: |  1  2  3  4  5  6  7 |
---------------+----------------------+-----
Stealth        | 1 2 3 4 5 |  5.4
Fighting       | 3 4 5 |  5.4
Unarmed Combat | 4 5 6 |  6.0
Throwing       | |  1.7
Dodging        | |  2.6

Action                   |  1- 3 |  4- 6 |  7- 9 || total
-------------------------+-------+-------+-------++-------
Melee: Unarmed           |   132 |   233 |    57 ||   422
       Punch             |     2 |     2 |     1 ||     5
  Use: Scroll            |       |    10 |     2 ||    12
 Stab: Sleeping          |     2 |     6 |     1 ||     9
       Distracted        |       |     1 |       ||     1
  Eat: Chunk             |     6 |    16 |     1 ||    23
Armor: Leather armour    |    34 |    33 |    14 ||    81
Dodge: Dodged            |    90 |   115 |    34 ||   239
